 Dungeon Crawl Stone Soup version 0.30-a0-691-g754fce4c43 (webtiles) character file.

Game seed: 8054528104725726860

285 Newt the Skirmisher (level 6, 0/38 HPs)
             Began as a Kobold Hunter on Jan 19, 2023.
             Slain by an ice beast (13 damage)
             ... on level 4 of the Dungeon.
             The game lasted 00:03:39 (3984 turns).

Newt the Skirmisher (Kobold Hunter)                 Turns: 3984, Time: 00:03:39

Health: 0/38       AC:  3    Str:  8    XL:     6   Next: 55%
Magic:  6/6        EV: 14    Int: 10    God:
Gold:   219        SH:  0    Dex: 21    Spells: 5/5 levels left

rFire   . . .      SeeInvis .    a - +1 shortbow
rCold   . . .      Faith    .    (shield currently unavailable)
rNeg    . . .      Spirit   .    c - +0 leather armour
rPois   .          Reflect  .    (no helmet)
rElec   .          Harm     .    (no cloak)
rCorr   .          Rampage  .    (no gloves)
Will    .....                    (no boots)
Stlth   +++                      (no amulet)
HPRegen 0.26/turn                (no ring)
MPRegen 0.10/turn                (no ring)

@: no status effects
A: small, no large weapons, nightstalker 3
a: no special abilities


You were on level 4 of the Dungeon.
You visited 1 branch of the dungeon, and saw 4 of its levels.

You collected 219 gold pieces.

Inventory:

Hand Weapons
 a - a +1 shortbow (weapon)
Missiles
 l - 2 atropa-tipped darts
Armour
 c - a +0 leather armour (worn)
Jewellery
 f - a +4 ring of slaying
 m - a ring of poison resistance
Scrolls
 b - a scroll of immolation
 g - a scroll of brand weapon {unknown}
 k - a scroll of teleportation
Potions
 d - 3 potions of curing
 e - 2 potions of berserk rage
 h - 2 potions of heal wounds
 i - a potion of haste {unknown}
 j - 2 potions of resistance {unknown}
 n - 2 potions of ambrosia {unknown}


   Skills:
 - Level 4.0 Fighting
 + Level 8.4 Ranged Weapons
 - Level 2.4 Dodging
 - Level 3.0 Stealth


You had 5 spell levels left.
You didn't know any spells.
Your spell library contained the following spells:

 Spells                   Type           Power      Damage    Failure   Level
 Inner Flame              Hex/Fire       0%         N/A       86%         3
 Cause Fear               Hex            0%         N/A       99%         4
 Petrify                  Tmut/Erth      0%         N/A       99%         4
 Metabolic Englaciation   Hex/Ice        0%         N/A       100%        5
 Statue Form              Tmut/Erth      0%         N/A       100%        6
 Discord                  Hex            0%         N/A       100%        8


Dungeon Overview and Level Annotations

Branches:
Dungeon (4/15)
 Temple: D:4-7

Altars:
Ashenzari
Hepliaklqana
The Shining One

Shops:
D:3 [   D:4 [


Innate Abilities, Weirdness & Mutations

You are small and have problems with some larger weapons.
You are completely attuned to the shadows.


Message History

An orc comes into view. It is wielding a +0 mace.
You shoot an arrow. The arrow hits the orc.
The orc is moderately wounded.
The orc misses you.
You shoot an arrow. The arrow hits the orc.
The orc is heavily wounded.
The orc hits you with a +2 dagger of freezing.
The orc freezes you.
You shoot an arrow. The arrow barely misses the orc. x2
The arrow closely misses the ice beast.
The arrow hits the orc!
You kill the orc!
The orc barely misses you. The orc misses you.
You shoot an arrow. The arrow barely misses the orc.
The arrow completely misses the orc.
The arrow hits the ice beast but does no damage.
The orc closely misses you.
You shoot an arrow. The arrow hits the orc!
You kill the orc!
You shoot an arrow. The arrow hits the orc!
You kill the orc!
You shoot an arrow. The arrow closely misses the ice beast.
The ice beast hits you. The ice beast freezes you.
You shoot an arrow. The arrow barely misses the ice beast.
The ice beast hits you but does no damage.
You shoot an arrow. The arrow closely misses the ice beast.
The ice beast hits you. The ice beast freezes you! The ice beast hits you.
The ice beast freezes you!
* * * LOW HITPOINT WARNING * * *
You feel much better. The ice beast hits you. The ice beast freezes you.
You shoot an arrow. The arrow barely misses the ice beast.
The ice beast hits you but does no damage.
You shoot an arrow. The arrow closely misses the ice beast.
The ice beast barely misses you.
You shoot an arrow. The arrow hits the ice beast.
The ice beast is lightly wounded.
The ice beast misses you.
You shoot an arrow. The arrow hits the ice beast.
The ice beast is lightly wounded.
The ice beast hits you. The ice beast freezes you!
You die...

#.o ##. ..
#..##... ##
#..#.... #.#....
#...
#)...._.........
#.#.......#.....
#.#.......#.#.##
#Y##.....##....###
#@####.####......#
#......†..).##.#.#
##..############..
##.......####....
#####...##.#....
##..#..##...
#...#.#.##..
##.....#<#...
##......)....#


You could see an ice beast.

Vanquished Creatures
  A gnoll bouda (D:3)
  Terence (D:2)
  8 adders
  6 gnolls
  2 worms (D:2)
  3 dart slugs
  5 orcs (D:4)
  3 endoplasms
  5 giant cockroaches
  9 goblins
  10 hobgoblins
  8 kobolds
  A quokka (D:2)
  9 ball pythons
  4 bats
  4 frilled lizards
  9 rats
88 creatures vanquished.

Vanquished Creatures (collateral kills)
  A frilled lizard (D:2)
1 creature vanquished.

Grand Total: 89 creatures vanquished

Notes
Turn   | Place    | Note
-------+----------+-------------------------------------------
     0 | D:1      | Newt the Kobold Hunter began the quest for the Orb.
     0 | D:1      | Reached XP level 1. HP: 12/12 MP: 1/1
    76 | D:1      | Reached XP level 2. HP: 11/17 MP: 2/2
   314 | D:1      | Reached XP level 3. HP: 22/22 MP: 3/3
   748 | D:2      | Reached XP level 4. HP: 18/29 MP: 4/4
  1000 | D:2      | Found a faded altar of an unknown god.
  1476 | D:3      | Noticed Terence
  1481 | D:3      | Noticed an ogre
  1493 | D:2      | Killed Terence
  1494 | D:2      | Reached skill level 6 in Ranged Weapons
  1494 | D:2      | Reached XP level 5. HP: 20/33 MP: 5/5
  1955 | D:3      | Found a broken altar of Ashenzari.
  2309 | D:3      | Reached skill level 7 in Ranged Weapons
  2637 | D:3      | Found Itium's Antique Armour Emporium.
  2728 | D:3      | Reached XP level 6. HP: 14/38 MP: 6/6
  3386 | D:4      | Reached skill level 8 in Ranged Weapons
  3462 | D:4      | Found a glowing golden altar of the Shining One.
  3599 | D:4      | Found Soylegh's Antique Armour Boutique.
  3953 | D:4      | Found a hazy altar of Hepliaklqana.
  3965 | D:4      | Noticed an ice beast
  3984 | D:4      | Slain by an ice beast

Illustrated notes

Levels and vault maps discovered:
D:1:      dpeg_arrival_prison, layout_rooms, serial_curves, eino_curves_02,
          eino_curves_04
D:2:      layout_loops_ring, hellmonk_ecumenical_altar_heavens_door,
          minmay_box_of_dots
D:3:      layout_loops_ring, evilmike_ruin_ashenzari, serial_shops,
          nicolae_lakefront_shop, uniq_terence
D:4:      layout_cave_pools, mainiacjoe_overflow_24_doors, old_standard_altar,
          nicolae_take_the_stairs, hangedman_decor_clover_reticule

Skill      XL: |  1  2  3  4  5  6 |
---------------+-------------------+-----
Stealth        | 2 3 |  3.0
Fighting       | 3 4 |  4.0
Ranged Weapons | 6 7 8 |  8.4
Dodging        | |  2.4

Action                   |  1- 3 |  4- 6 || total
-------------------------+-------+-------++-------
 Fire: Shortbow          |    64 |   161 ||   225
  Use: Scroll            |     4 |     2 ||     6
       Potion            |       |     3 ||     3
Armor: Leather armour    |     7 |     9 ||    16
Dodge: Dodged            |    30 |    51 ||    81

Table legend: (Time is in decaauts)
 A = Elapsed time spent in this place.
 B = Non-inter-level travel time spent in this place.
 C = Inter-level travel time spent in this place.
 D = Time resting spent in this place.
 E = Time spent auto-exploring this place.
 F = Levels seen in this place.
 G = Mean time per level.
                   A        B        C        D        E       F      G
               +--------+--------+--------+--------+--------+-----+--------+
         Total |   4039 |   3913 |    126 |    858 |   2585 |   4 | 1009.8 |
       Dungeon |   4039 |   3913 |    126 |    858 |   2585 |   4 | 1009.8 |
               +--------+--------+--------+--------+--------+-----+--------+

Top non-repeatable levels by time:
     D:3: 1782 daAuts
     D:2: 927 daAuts
     D:4: 701 daAuts
     D:1: 628 daAuts
